[Event "ESP-chT Honor Division 2022"]
[Site "Linares"]
[Date "2022.09.19"]
[Round "3.15"]
[White "Iturrizaga Bonelli, Eduardo"]
[Black "Martinez Fernandez, Adrian"]
[Result "1-0"]
[ECO "D35"]
[WhiteElo "2630"]
[BlackElo "2338"]
[Annotator "TA"]
[PlyCount "133"]
[EventDate "2022.09.17"]
[EventType "team-tourn"]
[EventCountry "ESP"]
[SourceTitle "playchess.com"]
[Source "ChessBase"]
[SourceQuality "1"]
[TimeControl "5400+30"]

1. d4 d5 2. c4 e6 3. Nc3 Nf6 4. cxd5 exd5 5. Bg5 c6 6. e3 h6 7. Bh4 Be7 8. Bd3 O-O {[%emt 0:00:09] BESTDEEP} 9. Nge2 {[%emt 0:00:09] CPLX 2.4 3 (Bh4-g3) (=3). D35: Queen's Gambit Declined: Exchange Variation.} Re8 {[%emt 0:00:08] CPLX 2.3 12 (b7-b5) (=6)} 10. O-O {[%emt 0:00:21] BESTDEEP} a5 {[%emt 0:00:41] CPLX 2.4 18 (b7-b6) (=10)} 11. a4 {[%emt 0:00:33] [#] RELBLUND 51 (Qd1-c2) (=18)} (11. Qc2 $142) 11... Na6 $146 {[%emt 0:03:44] BESTDEEP} ({Predecessor:} 11... Nh5 12. Bxe7 Qxe7 13. Qd2 Nd7 14. Rae1 Nb6 15. Nf4 Nxf4 16. exf4 Qf8 17. Rxe8 Qxe8 {½-½ (41) Salem,A (2690)-Bluebaum,M (2642) Warsaw 2021}) 12. f3 {[%emt 0:04:15] CPLX 2.6 15 (Nc3-a2) (=17)} Nb4 {[%emt 0:09:31][%cal Of6g4] CPLX 2.6} 13. Bb1 {[%emt 0:00:42] BESTDEEP} c5 {[%emt 0:00:06] RELBLUND 51 (b7-b6) (=14)} (13... b6 $15) 14. Bf2 {[%emt 0:00:22] BESTDEEP} b6 {[%emt 0:01:50] CPLX 2.5 0 (Bc8-d7) (=12)} 15. Qd2 {[%emt 0:01:28] CPLX 2.5 31 (Nc3-b5) (=14)} Ba6 {[%emt 0:03:40] CPLX 2.5} 16. Rd1 {[%emt 0:03:26] MISS-Nc3-b5 21 (Nc3-b5) (=15)} Qd7 {[%emt 0:04:47] CPLX 2.7} 17. Ng3 {[%emt 0:01:01] BESTDEEP} Rad8 {[%emt 0:04:45] CPLX 2.8 7 (Ba6-c4) (=9)} 18. Bf5 {[%emt 0:06:38] CPLX 2.8} Qb7 {[%emt 0:01:49] CPLX 3.2 13 (Qd7-c6) (=9)} 19. Rac1 {[%emt 0:00:10] CPLX 2.8 22 (Ng3-e2) (=13)} Bf8 {[%emt 0:02:09] CPLX 2.8 41 (Ba6-c4) (=12)} 20. Bb1 {[%emt 0:04:03] CPLX 2.9 17 (b2-b3) (=13)} Bc4 {[%emt 0:05:32] BESTDEEP} 21. Re1 {[%emt 0:14:42] CPLX 2.8 4 (Bb1-c2) (=13)} Qa6 {[%emt 0:03:33] CPLX 2.8 30 (Bc4-b3) (=12)} 22. Nge2 {[%emt 0:03:39] BESTDEEP} Bd3 {[%emt 0:09:43] CPLX 2.7 17 (Bf8-d6) (=13)} 23. Red1 {[%emt 0:04:49][%cal Rb1d3] BESTDEEP} c4 {[%emt 0:10:49] CPLX 2.8 16 (Bd3-c4) (=13)} 24. b3 {[%emt 0:07:18] BESTDEEP} Bxb1 {[%emt 0:05:58] BESTDEEP} 25. Rxb1 {[%emt 0:00:29] RECAPT} cxb3 {[%emt 0:00:06] CPLX 2.3} 26. Nb5 {[%emt 0:01:06] CPLX 2.7 9 (Rb1xb3) (=10)} Rc8 {[%emt 0:00:14] CPLX 2.9} 27. Nec3 {[%emt 0:00:04] CPLX 3.0 27 (Rd1-c1) (=11)} Na2 $1 {[%emt 0:06:03] DEEPSTRONG} 28. Nxa2 {[%emt 0:00:37] CPLX 3.2} bxa2 {[%emt 0:00:04] RECAPT} 29. Qxa2 {[%emt 0:00:07] CPLX 3.5 0 (Rb1-b2) (=10)} Rc4 {[%emt 0:01:02] CPLX 2.4} 30. e4 {[%emt 0:03:33] CPLX 2.5} Rec8 {[%emt 0:00:06] CPLX 2.9} 31. e5 {[%emt 0:00:06] CPLX 2.8} Ne8 {[%emt 0:00:05] BESTDEEP} 32. Be3 {[%emt 0:06:08] CPLX 2.4 34 (f3-f4) (=10)} Qb7 {[%emt 0:01:16] BESTDEEP} 33. Rbc1 {[%emt 0:00:51] CPLX 2.4 14 (Rd1-f1) (=10)} Qe7 {[%emt 0:01:48] CPLX 2.6 42 (Rc4xc1) (=10)} 34. Rxc4 {[%emt 0:01:14] CPLX 2.6 27 (Kg1-f1) (=11)} Rxc4 {[%emt 0:00:05] RECAPT} 35. Rc1 {[%emt 0:00:03] CPLX 2.3 0 (h2-h3) (=10)} Qb4 {[%emt 0:00:54] ( -> ...Rxc1+). CPLX 2.4 32 (Rc4xc1) (=10)} 36. Kf2 {[%emt 0:00:05] aiming for Bd2. CPLX 2.7 5 (Kg1-f1) (=10)} g5 $2 {[%emt 0:05:11] MISSDEEP-Rc4xc1 204 (Rc4xc1) (=17)} (36... Rxc1 $1 $11 {and Black has nothing to worry.} 37. Bxc1 Qe7) 37. Rxc4 $18 {[%emt 0:01:07] CPLX 2.9=>BLUNDERREACT} dxc4 {[%emt 0:00:08] RECAPT} 38. Bd2 {[%emt 0:00:13] BESTDEEP} Qb3 {[%emt 0:01:00] EASY} 39. Qxb3 {[%emt 0:00:06] BESTDEEP} cxb3 {[%emt 0:00:04][%mdl 4096] Endgame KBN-KBN. RECAPT} 40. Bc1 {[%emt 0:00:49] BESTDEEP} f6 {[%emt 0:02:28] CPLX 2.1 24 (Ne8-g7) (=15)} 41. e6 {[%emt 0:27:28] CPLX 2.3} Nd6 {[%emt 0:11:25] CPLX 2.6 138 (Bf8-d6) (=19)} (41... Bd6 $142 42. Ke2 Bxh2) 42. Nxd6 $1 {[%emt 0:00:13] DEEPSTRONG=>BLUNDERREACT} Bxd6 {[%emt 0:00:03] KB-KB. RECAPT} 43. Ke2 {[%emt 0:00:07] CPLX 2.5} b5 {[%emt 0:00:03] BESTDEEP} 44. axb5 {[%emt 0:00:06] EASY} a4 {[%emt 0:00:02] And now ...a3 would win. CPLX 2.8} 45. Kd3 $1 {[%emt 0:00:43] CPLX 2.9} a3 {[%emt 0:00:46] Threatens to win with ...b2. EASY} 46. h3 $2 {[%emt 0:02:49] MISSDEEP-Bc1-d2 400 (Bc1-d2) (=18)} ({Not} 46. Bxa3 Bxa3 47. d5 Kf8 $17) ({White must play} 46. Bd2 $1 $18) 46... b2 $1 $17 {[%emt 0:03:17] CPLX 3.2=>BLUNDERREACT} 47. Bxb2 {[%emt 0:00:04] EASY} axb2 {[%emt 0:00:02] KB-KP. RECAPT} 48. Kc2 {[%emt 0:00:03] EASY} Kf8 {[%emt 0:00:04] CPLX 3.7} 49. Kxb2 {[%emt 0:00:05] CPLX 3.7} Ke7 {[%emt 0:00:02] EASY} 50. d5 {[%emt 0:00:05] BESTDEEP} Bc5 {[%emt 0:06:48] MISSDEEP-Ke7-d8 145 (Ke7-d8) (=18)} ({Better is} 50... Kd8 $1 $17 51. Kc3 Kc7) 51. Kc3 $11 {[%emt 0:00:10] CPLX 2.8} Kd6 {[%emt 0:00:07] CPLX 2.8 8 (f6-f5) (=18)} 52. Kc4 {[%emt 0:00:11][%cal Oe6e7] e7! would kill now. EASY} Bb6 {[%emt 0:00:09] CPLX 3.0} 53. g4 {[%emt 0:00:32] Black must now prevent Kd3. CPLX 2.9} Ba5 $2 {[%emt 0:02:00][%mdl 8192] A mistake that costs the game. BEVAL 400 (Kd6-e7) (=26)} (53... Ke7 $11) 54. Kd4 $18 {[%emt 0:00:08] BEVAL} Bd8 {[%emt 0:00:06] BEVAL 213 (Kd6-c7) (=30)} 55. Ke4 {[%emt 0:00:11] BEVAL} Kc5 {[%emt 0:00:07] [#] BEVAL 0 (f6-f5) (=29)} 56. Kf5 $1 {[%emt 0:04:25] BEVAL} ({Stronger than} 56. b6 Kxb6 57. d6 Kc6 $11) 56... Kd6 {[%emt 0:00:07] [#] BEVAL} 57. Kg6 $1 {[%emt 0:00:20] BEVAL} Ke7 {[%emt 0:00:01] BEVAL 0 (Bd8-e7) (=28)} 58. Kxh6 {[%emt 0:00:31] BEVAL} Bc7 {[%emt 0:00:09] MISSDEEP-Bd8-b6 400 (Bd8-b6) (=36)} 59. Kg6 {[%emt 0:00:05] CPLX 3.0. White mates.} Bd8 {[%emt 0:00:41] RELBLUND 0 (Bc7-b6) (=35)} 60. Kf5 {[%emt 0:00:04] EASY} Bc7 {[%emt 0:00:31] RELBLUND 4 (Ke7-d6) (=34)} 61. f4 gxf4 62. Ke4 Bd6 63. b6 Kf8 64. h4 Kg7 65. h5 Kg8 66. b7 Kg7 67. h6+ {[%emt 0:00:04][%mdl 64] Promotion.  Weighted Error Value: White=0.14 (very precise) /Black=0.27 (precise)} 1-0

[Event "ESP-chT Honor Division 2022"]
[Site "Linares"]
[Date "2022.09.19"]
[Round "3.16"]
[White "Masague Artero, Guerau"]
[Black "Yuffa, Daniil"]
[Result "0-1"]
[ECO "E32"]
[WhiteElo "2308"]
[BlackElo "2600"]
[Annotator "TA"]
[PlyCount "51"]
[EventDate "2022.09.17"]
[EventType "team-tourn"]
[EventCountry "ESP"]
[SourceTitle "playchess.com"]
[Source "ChessBase"]
[SourceQuality "1"]
[TimeControl "5400+30"]

1. d4 Nf6 2. c4 e6 3. Nc3 Bb4 4. Qc2 d6 5. a3 Bxc3+ 6. Qxc3 O-O 7. Bg5 Nbd7 8. Nf3 b6 9. Nd2 Bb7 10. f3 {[%emt 0:01:47] CPLX 2.3} c5 {[%emt 0:00:16] BESTDEEP. E32: Nimzo-Indian: Classical (4 Qc2): 4...0-0.} 11. e4 h6 {[%emt 0:01:18] CPLX 2.5} 12. Be3 {[%emt 0:01:55] CPLX 2.7 48 (Bg5-h4) (=16)} (12. Bh4 $11) 12... d5 $15 {[%emt 0:02:57] [#] BESTDEEP. Black is slightly better.} 13. cxd5 $146 {[%emt 0:05:36] CPLX 2.4 39 (e4-e5) (=22)} ({Predecessor:} 13. e5 Nxe5 14. dxe5 d4 15. Qb3 dxe3 16. Qxe3 Nd7 17. O-O-O Qc7 18. Re1 Rad8 19. g4 {½-½ (44) Maksimenko,A (2498)-Cmilyte,V (2433) Wijk aan Zee 2001}) 13... exd5 {[%emt 0:01:20] RECAPT} 14. e5 {[%emt 0:05:14] [#] EASY} Nxe5 {[%emt 0:01:04] BESTDEEP} 15. dxc5 {[%emt 0:00:16] MISS-d4xe5 234 (d4xe5) (=54)} (15. dxe5 $17 d4 16. Qb3) 15... Re8 {[%emt 0:02:53] CPLX 2.7 24 (b6xc5) (=4)} 16. O-O-O {[%emt 0:24:27] BESTDEEP} bxc5 {[%emt 0:00:33] BESTDEEP} 17. Bxc5 {[%emt 0:00:16] RECAPT} Rc8 {[%emt 0:03:12][%cal Ba8c8,Bc8c6,Bc6c4][%mdl 32] Hoping for ...d4. CPLX 2.7 0 (Ne5-d7) (=3)} 18. Kb1 {[%emt 0:02:53] CPLX 3.3 3 (Nd2-b3) (=36)} Ned7 {[%emt 0:11:42] CPLX 3.2 36 (Nf6-d7) (=7)} 19. Nb3 {[%emt 0:01:50] CPLX 3.3} a5 {[%emt 0:04:07] Against Qb4. BESTDEEP} 20. Bb5 {[%emt 0:05:35] EASY} Bc6 {[%emt 0:02:38] CPLX 3.9} 21. Bxc6 {[%emt 0:12:10] CPLX 3.3 12 (Bb5-a6) (=28)} Rxc6 {[%emt 0:00:16] RECAPT} 22. Qd4 {[%emt 0:00:04] CPLX 3.4 124 (Qc3xa5) (=35)} (22. Qxa5 $142 Qxa5 23. Nxa5 Rxc5 24. Nb3) 22... Qb8 $19 {[%emt 0:05:11] BESTDEEP} ({Don't blunder} 22... a4 $2 23. Qxa4 Rxc5 24. Nxc5 Nxc5 25. Qb5 $19) 23. Ka2 {[%emt 0:05:16] CPLX 3.7 10 (Rd1-d3) (=34)} Qc7 {[%emt 0:01:52] MISS-a5-a4 130 (a5-a4) (=14)} 24. Ba7 {[%emt 0:05:00] CPLX 3.0 137 (Rd1-c1) (=40)} (24. Rc1 $142 a4 25. Qxa4 Nxc5 26. Qa5 Qxa5 27. Nxa5) 24... Ra8 {[%emt 0:00:58] CPLX 2.8 57 (Rc6-a6) (=16)} 25. Rc1 {[%emt 0:00:31] CPLX 2.8} Rc4 {[%emt 0:00:35] CPLX 3.1 0 (Rc6xc1) (=15)} 26. Qd1 {White did not feel at home in the position after the opening.  Weighted Error Value: White=0.46/Black=0.17 (very precise)} (26. Rxc4 $142 dxc4 27. Nd2) 0-1

[Event "ESP-chT Honor Division 2022"]
[Site "Linares"]
[Date "2022.09.19"]
[Round "3.17"]
[White "Ibarra Jerez, Jose Carlos"]
[Black "Jimenez Ruano, Adrian"]
[Result "1-0"]
[ECO "A00"]
[WhiteElo "2570"]
[BlackElo "2264"]
[Annotator "TA"]
[PlyCount "95"]
[EventDate "2022.09.17"]
[EventType "team-tourn"]
[EventCountry "ESP"]
[SourceTitle "playchess.com"]
[Source "ChessBase"]
[SourceQuality "1"]
[TimeControl "5400+30"]

1. Nc3 e5 2. Nf3 Nc6 3. d4 exd4 4. Nxd4 Nf6 5. Bg5 Bb4 {[%emt 0:03:31] CPLX 2.4 21 (Bf8-c5) (=21)} 6. Nxc6 {[%emt 0:02:11] DEEPSTRONG. A00: Irregular Openings.} bxc6 {[%emt 0:05:07] RECAPT 11 (Bb4xc3) (=16)} 7. Qd4 {[%emt 0:00:27] CPLX 2.6} Qe7 {[%emt 0:09:23] CPLX 3.5 8 (Bb4-e7) (=13)} 8. Bxf6 {[%emt 0:03:12] CPLX 3.2 18 (e2-e3) (=6). White is slightly better.} (8. e3 {feels hotter.} c5 9. Qf4 O-O 10. a3) 8... Bxc3+ {[%emt 0:01:11] RELBLUND 55 (g7xf6) (=24)} ({Better is} 8... gxf6 $11 9. e3 c5) 9. Qxc3 $14 {[%emt 0:00:41] RECAPT} Qxf6 {[%emt 0:00:12] CPLX 3.1} 10. Qxf6 {[%emt 0:00:34] RECAPT} gxf6 {[%emt 0:00:08] RECAPT} 11. g3 {[%emt 0:15:32] [#] CPLX 2.0 2 (0-0-0) (=3)} Rb8 $146 {[%emt 0:07:17] CPLX 2.0 27 (c6-c5) (=17)} ({Predecessor:} 11... d6 12. Bg2 Bd7 13. O-O-O Rb8 14. Rd3 Rb5 15. Ra3 a5 16. Rd1 Ke7 17. Rd4 Rhb8 {1-0 (40) Mikhaletz,L (2405)-Reshetkov,K (2236) Lutsk 2017}) 12. O-O-O {[%emt 0:00:43] CPLX 2.0} Bb7 {[%emt 0:02:19] CPLX 2.0 44 (c6-c5) (=21)} 13. Bg2 {[%emt 0:07:16] BESTDEEP} c5 {[%emt 0:03:42] CPLX 2.0 0 (h7-h5) (=18)} 14. Bxb7 {[%emt 0:00:20] White is more active. CPLX 2.3} Rxb7 $16 {[%emt 0:00:02][%mdl 4096] Endgame KRR-KRR. RECAPT} 15. Rd3 {[%emt 0:01:21] CPLX 2.0} d6 {[%emt 0:02:04] CPLX 2.0 6 (h7-h5) (=16)} 16. Rf3 {[%emt 0:03:02] BESTDEEP} Ke7 {[%emt 0:00:10] CPLX 2.0 15 (Rb7-b4) (=16)} 17. Rd1 {[%emt 0:00:27] CPLX 2.0} Re8 {[%emt 0:00:05] CPLX 2.0 0 (Rh8-b8) (=14)} 18. Re3+ {[%emt 0:09:18] CPLX 2.0} Kd7 {[%emt 0:01:46] CPLX 2.0} 19. Rxe8 {[%emt 0:00:09] EASY} Kxe8 {[%emt 0:00:02] KR-KR. RECAPT} 20. Rd3 {[%emt 0:00:38] BESTDEEP} Ke7 {[%emt 0:07:09] CPLX 2.0 0 (Ke8-f8) (=12)} 21. Ra3 {[%emt 0:11:23] CPLX 2.0} f5 {[%emt 0:05:11] CPLX 2.0 2 (Ke7-f8) (=11)} 22. Ra4 {[%emt 0:03:27] BESTDEEP} Kf6 {[%emt 0:02:36] CPLX 2.0} 23. b3 {[%emt 0:01:28] BESTDEEP} c6 {[%emt 0:03:14] CPLX 2.0 3 (Kf6-g6) (=10)} 24. Kd2 {[%emt 0:00:28] BESTDEEP} Ke5 {[%emt 0:01:58] CPLX 2.0 40 (Rb7-c7) (=12)} 25. Ke3 {[%emt 0:07:03] CPLX 2.0 45 (Ra4-h4) (=3)} Re7 {[%emt 0:08:51] CPLX 2.0} 26. Kf3 {[%emt 0:00:57] CPLX 2.0 0 (Ra4-h4) (=3)} Rb7 {[%emt 0:02:15] CPLX 2.0 51 (Ke5-f6) (=13)} (26... Kf6 $16 27. Ra6 Rc7) 27. e3 {[%emt 0:01:55] CPLX 2.0 51 (Ra4-h4) (=5)} (27. Rh4 $18) 27... Re7 {[%emt 0:06:47] CPLX 2.0 50 (Ke5-f6) (=14)} (27... Kf6 $16 {might work better.} 28. Ra6 Rc7) 28. Rh4 $18 {[%emt 0:02:12] BESTDEEP} f6 {[%emt 0:00:28] EASY} 29. Rh5 {[%emt 0:00:36] CPLX 2.0 7 (Rh4-a4) (=5)} Ke6 {[%emt 0:06:51] CPLX 2.1 20 (Re7-g7) (=14)} 30. Kf4 {[%emt 0:01:44] CPLX 2.0} Rb7 {[%emt 0:00:08] CPLX 2.2 3 (a7-a5) (=14)} 31. Rxf5 {[%emt 0:01:15] CPLX 2.2} Rb4+ {[%emt 0:01:19] [#] CPLX 2.1} 32. e4 $1 {[%emt 0:00:40] CPLX 2.1} d5 {[%emt 0:01:11] CPLX 2.3 29 (a7-a5) (=14)} 33. f3 {[%emt 0:01:57] CPLX 2.5 18 (c2-c4) (=5)} c4 {[%emt 0:03:15] BESTDEEP} 34. Rh5 {[%emt 0:01:05] CPLX 2.6} a5 {[%emt 0:00:54] BESTDEEP} 35. Rxh7 {[%emt 0:06:12] RELBLUND 140 (Kf4-e3) (=9)} (35. Ke3 $18) 35... a4 {[%emt 0:00:18] MISSDEEP-d5-d4 100 (d5-d4) (=16)} (35... d4 $1 $14 36. Rc7 Kd6) 36. Ra7 {[%emt 0:00:58] RELBLUND 120 (Rh7-c7) (=13)} ({White should play} 36. Rc7 $16 Kd6 37. Ra7 (37. Rf7 Ke6 $16)) 36... cxb3 {[%emt 0:01:06] MISSDEEP-d5-d4 124 (d5-d4) (=19)} (36... d4 $1 $11 {keeps the balance.}) 37. cxb3 {[%emt 0:00:00] RECAPT 0 (a2xb3) (=13)} Rxb3 $2 {[%emt 0:00:58] [#] MISS-a4xb3 400 (a4xb3) (=31)} (37... axb3 $18 38. axb3 dxe4) 38. exd5+ {[%emt 0:01:18] CPLX 2.5} Kxd5 {[%emt 0:00:18] RECAPT} 39. h4 $2 {[%emt 0:01:13] MISS-a2xb3 400 (a2xb3) (=24)} (39. axb3 axb3 40. Rb7 c5 41. Rxb3 c4 42. Rb8 c3 43. h4 Kd4 44. Rd8+ Kc4 45. Kf5) 39... c5 $2 {[%emt 0:01:48] RELBLUND 400 (Rb3-b2) (=40)} (39... Rb2 $18 40. Rxa4 c5) 40. h5 $2 {[%emt 0:00:41] MISS-a2xb3 400 (a2xb3) (=34)} (40. axb3 axb3 41. Rb7 c4 42. h5 f5 43. h6 Kc6 44. Rb8 Kc7 45. Rb4) 40... c4 $2 {[%emt 0:04:33] RELBLUND 400 (Rb3-a3) (=50)} (40... Ra3 $18 41. Rd7+ Ke6) 41. Rc7 $2 {[%emt 0:01:24] RELBLUND 400 (a2xb3) (=44)} (41. axb3 {mates} axb3 42. Rb7 c3 43. Rxb3 Kd4 44. Rb7 Kc4 45. h6 c2 46. Rc7+ Kb3 47. h7) 41... Rb1 $2 {[%emt 0:02:52][%mdl 8192] EVAL 400 (Rb3-b2) (=60)} (41... Rb2 $14) 42. Kf5 {[%emt 0:01:37] EVAL} Rb3 {[%emt 0:01:05] RELBLUND 400 (Rb1-f1) (=69)} 43. Kf4 {[%emt 0:01:07] RELBLUND 400 (a2xb3) (=53)} (43. axb3 $142 cxb3 44. Rb7 b2 45. Rxb2 Kc4 46. h6 a3 47. Re2 Kb3 48. h7) 43... Rb1 {[%emt 0:00:25] BESTDEEP} 44. g4 {[%emt 0:00:20] aiming for Kf5. BESTDEEP. White is clearly winning.} Rh1 {[%emt 0:01:10] BEVAL 400 (Rb1-f1) (=75)} (44... Rf1 $142 45. h6 Rh1) 45. Kf5 {[%emt 0:00:20] BEVAL} Kd4 {[%emt 0:00:29] BEVAL 319 (a4-a3) (=81)} 46. Kxf6 {[%emt 0:00:40] Threatens to win with g5. BEVAL} Rf1 {[%emt 0:00:19] BEVAL 400 (Rh1-h3) (=89)} 47. h6 {[%emt 0:01:18] White threatens h7 and mate. BEVAL} Rxf3+ {[%emt 0:00:02] BEVAL 0 (Rf1-h1) (=87)} 48. Kg6 {[%emt 0:00:14] Weighted Error Value: White=0.73/Black=0.93} 1-0

[Event "ESP-chT Honor Division 2022"]
[Site "Linares"]
[Date "2022.09.19"]
[Round "3.18"]
[White "Rodriguez Redondo, Adhara"]
[Black "Batsiashvili, Nino"]
[Result "1/2-1/2"]
[ECO "C58"]
[WhiteElo "2112"]
[BlackElo "2477"]
[Annotator "TA"]
[PlyCount "98"]
[EventDate "2022.09.17"]
[EventType "team-tourn"]
[EventCountry "ESP"]
[SourceTitle "playchess.com"]
[Source "ChessBase"]
[SourceQuality "1"]
[TimeControl "5400+30"]

1. e4 e5 2. Nf3 Nc6 3. Bc4 Nf6 4. Ng5 d5 5. exd5 Na5 6. Bb5+ c6 7. dxc6 bxc6 8. Bd3 h6 {[%emt 0:02:16] CPLX 2.8 44 (Bf8-d6) (=44)} 9. Ne4 {[%emt 0:00:11] EASY. C58: Two Knights: 4 Ng5 d5 5 exd5 Na5 sidelines.} Nd5 {[%emt 0:00:56] CPLX 2.7 0 (Nf6xe4) (=22)} 10. O-O Be7 {[%emt 0:00:57] CPLX 2.6 31 (g7-g6) (=25) 10...Nf4 injects fresh life into this line.} 11. Ng3 {[%emt 0:00:35] BESTDEEP. White is better.} O-O {[%emt 0:05:26] BESTDEEP} 12. Bf5 {[%emt 0:01:22] CPLX 2.8 25 (Rf1-e1) (=6)} c5 {[%emt 0:04:18] CPLX 2.8 21 (Bc8xf5) (=19)} 13. d3 {[%emt 0:10:04] [#] CPLX 2.8} Nc6 $146 {[%emt 0:01:52] CPLX 3.1 4 (Ra8-b8) (=17)} ({Predecessor:} 13... Bb7 14. Qg4 Nf6 15. Qh3 Nc6 16. c3 Re8 17. Nd2 Nh7 18. Nde4 Bf8 19. Bxh6 gxh6 20. Bxh7+ Kxh7 21. Qf5+ Kh8 22. Nf6 {1-0 (22) Larrea,M (2269)-Malan,L (1851) Montevideo 2019}) 14. Nc3 {[%emt 0:04:39] CPLX 3.1 12 (Nb1-d2) (=6)} Nd4 {[%emt 0:08:26] [#] CPLX 3.2 76 (Nd5-f4) (=25)} (14... Nf4 $16 {keeps fighting.}) 15. Nxd5 {[%emt 0:06:53] CPLX 3.5 77 (Bf5-e4) (=16)} (15. Be4 $1 $18 Bb7 16. Nxd5 Bxd5 17. c3) 15... Nxf5 $16 {[%emt 0:02:35] CPLX 4.3} 16. Nxf5 {[%emt 0:04:04] RECAPT} Bxf5 {[%emt 0:00:07] RECAPT} 17. Nxe7+ {[%emt 0:01:29] CPLX 2.9 27 (Qd1-h5) (=16)} Qxe7 {[%emt 0:00:02] RECAPT} 18. Qf3 {[%emt 0:03:50] CPLX 2.2 5 (Rf1-e1) (=15)} Bg6 {[%emt 0:04:30] CPLX 2.6 11 (Qe7-e6) (=17)} 19. Re1 {[%emt 0:04:09] BESTDEEP} Rfe8 {[%emt 0:05:16] BESTDEEP} 20. b3 {[%emt 0:09:30] White is more active. BESTDEEP} Qd6 {[%emt 0:01:06][%cal Oe5e4] CPLX 2.5 22 (e5-e4) (=16)} 21. Bb2 {[%emt 0:09:21][%cal Ob2e5] CPLX 2.6} f6 {[%emt 0:00:31] CPLX 2.6} 22. Qg3 {[%emt 0:03:16] CPLX 2.5 12 (Qf3-g4) (=11)} Kh7 {[%emt 0:00:34] CPLX 2.5 8 (Bg6-f5) (=14)} 23. a4 {[%emt 0:04:22] CPLX 2.4 57 (Re1-e2) (=14)} (23. Re2 $16) 23... a5 {[%emt 0:00:40] CPLX 2.4 75 (Qd6-c6) (=18)} (23... Qc6 $14) 24. Bc3 {[%emt 0:02:03] CPLX 2.4 14 (Re1-e2) (=14)} Bf7 {[%emt 0:04:44] CPLX 2.4 24 (Qd6-b6) (=19)} 25. Qg4 {[%emt 0:02:23] CPLX 2.5 0 (f2-f3) (=13)} Ra7 {[%emt 0:07:08] BESTDEEP} 26. Re3 {[%emt 0:03:52] CPLX 3.8 7 (h2-h4) (=13)} g5 {[%emt 0:01:12] CPLX 3.8 25 (Qd6-c6) (=18)} 27. Rae1 {[%emt 0:04:53] CPLX 3.6 25 (h2-h4) (=14)} Bg6 {[%emt 0:01:59] CPLX 3.6 41 (Qd6-c6) (=19)} 28. Qe2 {[%emt 0:01:32] CPLX 2.6 14 (h2-h4) (=14)} Rg8 {[%emt 0:04:37] CPLX 2.3 19 (Qd6-c6) (=19)} 29. Qd2 {[%emt 0:03:30] CPLX 2.3 55 (h2-h4) (=16)} ({White should try} 29. h4 $18) 29... Qd8 {[%emt 0:00:23] CPLX 2.3 12 (Qd6-b6) (=19)} 30. Bb2 {[%emt 0:02:01] CPLX 2.2 21 (Re3-f3) (=16)} h5 {[%emt 0:00:55] [#] CPLX 2.2 49 (Qd8-d5) (=20)} (30... Qd5 $142 31. Bc3 Qa8) 31. Ba3 {[%emt 0:04:19] CPLX 2.2 61 (h2-h4) (=18)} (31. h4 $142 $1 {[%cal Rh4g5] Threatens to win with hxg5.} g4 32. f4 gxf3 33. Rxf3) 31... Qd4 {[%emt 0:03:36] CPLX 2.3 0 (Qd8-d5) (=19)} 32. Qc1 {[%emt 0:01:54] CPLX 2.6 10 (h2-h3) (=18)} h4 {[%emt 0:02:27] CPLX 2.4} 33. Bb2 {[%emt 0:00:44] CPLX 2.5 0 (h2-h3) (=17)} Qd8 {[%emt 0:03:39] BESTDEEP} 34. Qd1 {[%emt 0:00:46] CPLX 2.3} Qd7 {[%emt 0:07:24] CPLX 2.3 9 (Bg6-f7) (=17)} 35. h3 {[%emt 0:02:48] CPLX 2.5} Kh6 {[%emt 0:06:56] CPLX 2.3 0 (Qd7-d8) (=17)} 36. f3 {[%emt 0:01:03] CPLX 2.4 17 (Bb2-c3) (=16)} Bf5 {[%emt 0:01:38] BESTDEEP} 37. Qe2 {[%emt 0:01:10] CPLX 2.5 0 (Bb2-c3) (=15)} Kg6 {[%emt 0:00:13] CPLX 2.5} 38. Qf2 {[%emt 0:01:11] CPLX 2.5 0 (Bb2-c3) (=15)} Qc6 {[%emt 0:01:52] CPLX 2.5} 39. Bc3 {[%emt 0:00:51] CPLX 2.6 0 (Re3-e2) (=14)} Rd8 {[%emt 0:01:08] CPLX 2.6} 40. Qe2 {[%emt 0:00:55] CPLX 2.7 0 (Kg1-h1) (=14)} Rd6 {[%emt 0:07:21] BESTDEEP} 41. Qf2 {[%emt 0:00:39] CPLX 2.6 82 (Bc3-d2) (=16)} (41. Bd2 $16) 41... Qb6 {[%emt 0:00:15] RELBLUND 82 (Rd6-d8) (=16)} (41... Rd8 $1 $11) 42. Kh2 {[%emt 0:01:00] CPLX 2.6 0 (Re3-e2) (=15)} Qc7 {[%emt 0:01:45] CPLX 2.8 0 (Ra7-a8) (=16)} 43. Kg1 {[%emt 0:00:05] CPLX 2.8 82 (Re3-e2) (=17)} (43. R3e2 $16) 43... Raa6 {[%emt 0:00:51] RELBLUND 123 (Qc7-b6) (=19)} (43... Qb6 $1 $11 {keeps the balance.}) 44. R3e2 {[%emt 0:00:44] CPLX 2.6 40 (g2-g3) (=18)} Rd5 {[%emt 0:00:47] CPLX 2.6 93 (Rd6-d8) (=21)} (44... Rd8 $16) 45. Re3 $2 {[%emt 0:00:20] CPLX 2.6 176 (g2-g3) (=22)} (45. g3 $18) 45... Rc6 {[%emt 0:00:15] RELBLUND 83 (Rd5-d6) (=22)} (45... Rdd6 $1 $11) 46. R3e2 {[%emt 0:00:18] CPLX 2.6 83 (Bc3-d2) (=24)} ({Better is} 46. Bd2 $16) 46... Rcd6 {[%emt 0:05:37] RELBLUND 135 (Rc6-a6) (=25)} (46... Ra6 $1 $11 {remains equal.}) 47. Re3 {[%emt 0:00:11] CPLX 2.6 135 (g2-g3) (=27)} (47. g3 $16) 47... Rd8 {[%emt 0:00:32] RELBLUND 83 (Rd6-c6) (=27)} (47... Rc6 $1 $11) 48. R3e2 {[%emt 0:00:18] CPLX 2.6 83 (Bc3-d2) (=28)} (48. Bd2 $16) 48... Qb6 {[%emt 0:00:58] RELBLUND 83 (Rd8-d6) (=28)} (48... R8d6 $1 $11) 49. Re3 {[%emt 0:00:16] CPLX 2.6 83 (Re1-f1) (=29)} Qc7 $1 {[%emt 0:01:30] Black escapes into a draw.  Weighted Error Value: White=0.31/Black=0.34} 1/2-1/2